 Dungeon Crawl Stone Soup version 0.22-a0-558-gc224181 (webtiles) character file.

163 inc the Skirmisher (level 5, -16/58 HPs)
             Began as an Ogre Hunter on June 26, 2018.
             Demolished by an ogre
             ... wielding a +0 giant club
              (19 damage)
             ... on level 4 of the Dungeon.
             The game lasted 00:04:13 (3850 turns).

inc the Skirmisher (Ogre Hunter)                    Turns: 3850, Time: 00:04:14

Health: -16/58     AC:  3    Str: 17    XL:     5   Next: 44%
Magic:  4/4        EV: 10    Int: 12    God:
Gold:   183        SH:  0    Dex:  9    Spells: 4/4 levels left

rFire    . . .     SeeInvis .   q - +1 flail
rCold    . . .     Gourm    .   (no shield)
rNeg     . . .     Faith    .   b - +0 robe
rPois    .         Spirit   .   (helmet restricted)
rElec    .         Reflect  .   (no cloak)
rCorr    .         Harm     .   (gloves unavailable)
MR       .....                  (boots unavailable)
Stlth    +.........             (no amulet)
HPRegen  0.19/turn              (no ring)
MPRegen  0.09/turn              (no ring)

@: no status effects
A: large, unfitting armour, blink, low mp 1, tough skin 1
a: Blink


You were on level 4 of the Dungeon.
You were not hungry.

You visited 2 branches of the dungeon, and saw 5 of its levels.

You collected 183 gold pieces.

Inventory:

Hand Weapons
 a - a +0 short sword
 l - a +0 whip
 q - a +1 flail (weapon)
Missiles
 c - 5 large rocks (quivered)
 d - 2 throwing nets
Armour
 b - a +0 robe (worn)
Wands
 p - a wand of scattershot (5)
Scrolls
 g - 2 scrolls of remove curse
 r - a scroll of random uselessness {unknown}
Potions
 e - a potion of flight {unknown}
 m - a potion of curing {unknown}
 s - 3 potions of ambrosia
Comestibles
 f - 3 rations


   Skills:
 - Level 5.6 Fighting
 + Level 2.9 Maces & Flails
 - Level 4.0 Throwing
 - Level 1.7 Dodging
 - Level 0.6 Stealth


You had 4 spell levels left.
You didn't know any spells.
Your spell library was empty.

Dungeon Overview and Level Annotations

Branches:
Dungeon (4/15)             Temple (1/1) D:4

Altars:
Ashenzari
Elyvilon
Fedhas
Makhleb
Nemelex Xobeh
Ru
Trog
Uskayaw
Vehumet
Wu Jian
Xom
Yredelemnul
Zin
The Shining One


Innate Abilities, Weirdness & Mutations

You are too large for most types of armour.
You have tough skin. (AC +1)
You can translocate small distances at will.
Your magical capacity is low. (-10% MP)


Message History

The ogre is lightly wounded.
The ogre hits you with a giant club!!
You hit the ogre.
The ogre is moderately wounded.
The ogre barely misses you.
You closely miss the ogre.
The ogre is moderately wounded.
The ogre hits you with a giant club.
You hit the ogre.
The ogre is heavily wounded.
The ogre hits you with a giant club!
* * * LOW HITPOINT WARNING * * *
You hit the ogre but do no damage.
The ogre is heavily wounded.
The ogre hits you with a giant club!
* * * LOW HITPOINT WARNING * * *
You hit the ogre.
The ogre is severely wounded.
The ogre hits you with a giant club!!
You die...

,**,,,,,,,,,<,,,,,#.#,,,,,*,,,,,,
,*****************#.#,#,,,,,,,,,,
,* *****##########.#.#(#.#,,,,,,
,* *,,,,.........._......#,,,,,,
,* *,,,,.........#.###.###,*,*,,
,* *,,,,......†>##...,,,,*,*,,,,
,* *,,,,.......>######,,,*,*,*,,
,* *,,,,........#######***,*,*,,
,****,,,,.......@O.)....,,,,*,*,*
,,,,+,,,,........#######*****,*,*
*****,,,,........# *,*,<
*,***#....#### ******** *,*
#.>..* *,+_*,,, #####.# #....*
*,****** ...>..# #...,* **,*
..##### ##+*************,,*** #.#
*,,,,,,,,,,,,,,,,,,,*


You could see an ogre.

Vanquished Creatures
  A bullfrog zombie (D:2)
  A bullfrog skeleton (D:4)
  An iguana (D:4)
  An adder (D:3)
  3 oozes
  3 worms
  A dart slug (D:4)
  A leopard gecko (D:1)
  2 bats
  2 giant cockroaches
  9 hobgoblins
  6 frilled lizards
  9 goblins
  4 kobolds
  6 rats
  A spectral orc (D:2)
51 creatures vanquished.

Notes
Turn   | Place    | Note
-------+----------+-------------------------------------------
     0 | D:1      | inc the Ogre Hunter began the quest for the Orb.
     0 | D:1      | Reached XP level 1. HP: 22/22 MP: 1/1
    11 | D:1      | Reached skill level 3 in Fighting
   260 | D:1      | Reached XP level 2. HP: 9/32 MP: 2/2
   517 | D:1      | Reached skill level 4 in Fighting
  1192 | D:2      | Reached XP level 3. HP: 36/40 MP: 3/3
  1228 | D:2      | Reached skill level 5 in Fighting
  1507 | D:2      | Reached XP level 4. HP: 49/50 MP: 4/4
  1509 | D:2      | Found a shattered altar of Ashenzari.
  1690 | D:2      | Found a basalt altar of Yredelemnul.
  2339 | D:3      | Reached skill level 1 in Maces & Flails
  3326 | D:4      | Reached XP level 5. HP: 22/58 MP: 5/5
  3465 | D:4      | Found a staircase to the Ecumenical Temple.
  3477 | Temple   | Entered the Ecumenical Temple
  3626 | D:4      | Found a glowing golden altar of the Shining One.
  3632 | D:4      | Gained mutation: Your body sometimes deteriorates upon taking damage. [potion of mutation]
  3632 | D:4      | Gained mutation: You have an increased reservoir of magic. (+10% MP) [potion of mutation]
  3632 | D:4      | Gained mutation: You possess an exceptional clarity of mind. [potion of mutation]
  3633 | D:4      | Lost mutation: You possess an exceptional clarity of mind. [potion of mutation]
  3633 | D:4      | Lost mutation: You have an increased reservoir of magic. (+10% MP) [potion of mutation]
  3633 | D:4      | Lost mutation: Your body sometimes deteriorates upon taking damage. [potion of mutation]
  3633 | D:4      | Gained mutation: Scrolls take you a little longer to read. [potion of mutation]
  3633 | D:4      | Gained mutation: Your body sometimes deteriorates upon taking damage. [potion of mutation]
  3633 | D:4      | Gained mutation: Your flesh is heat resistant. (rF+) [potion of mutation]
  3634 | D:4      | Lost mutation: Scrolls take you a little longer to read. [potion of mutation]
  3634 | D:4      | Lost mutation: Your body sometimes deteriorates upon taking damage. [potion of mutation]
  3634 | D:4      | Lost mutation: Your flesh is heat resistant. (rF+) [potion of mutation]
  3634 | D:4      | Gained mutation: Your magical capacity is low. (-10% MP) [potion of mutation]
  3634 | D:4      | Gained mutation: You can translocate small distances at will. [potion of mutation]
  3842 | D:4      | Noticed an ogre
  3849 | D:4      | HP: 2/58 [ogre/giant club (13)]
  3850 | D:4      | Demolished by an ogre

Vault maps used:
D:1:      scummos_arrival_simple_crosswalls
D:2:      evilmike_ruin_ashenzari, yredelemnul_forgotten_temple_becter,
          first_ration
D:3:      kennysheep_the_goblin_king, minmay_misc_feat_iff
D:4:      nicolae_gozag_cash_rules_everything_around_me, lemuel_crystal_altar,
          kennysheep_mini, temple_hall, serial_shops, shop_fountains,
          uniq_blork_the_orc
Temple:   jpeg_temple_clearing

Skill      XL: |  1  2  3  4 |
---------------+-------------+-----
Fighting       | 3 4 5 |  5.6
Maces & Flails | 2 |  2.9
Throwing       | |  4.0
Dodging        | |  1.7
Stealth        | |  0.6

Action                   |  1- 3 |  4- 6 || total
-------------------------+-------+-------++-------
Melee: Short sword       |    85 |     9 ||    94
       Whip              |       |    95 ||    95
       Flail             |       |    32 ||    32
Throw: Large rock        |     6 |     2 ||     8
  Use: Scroll            |       |     7 ||     7
       Potion            |       |     3 ||     3
 Stab: Sleeping          |     1 |       ||     1
  Eat: Chunk             |       |     9 ||     9
Armor: Robe              |    20 |    27 ||    47
Dodge: Dodged            |    53 |    62 ||   115

Table legend:
 A = Spawn XP
 B = Non-spawn XP
 C = Spawn XP percentage of total XP
 D = Spawn monster count
 E = Non-spawn monster count
 F = Spawn count percentage of total count
 G = Total turns spent on level
                    A         B        C        D         E        F      G
               +---------+---------+-------+---------+---------+-------+---------
         Total |       0 |     233 |   0.0 |       0 |      51 |   0.0 |  3850
               +---------+---------+-------+---------+---------+-------+---------
           D:1 |       0 |      33 |   0.0 |       0 |      18 |   0.0 |  1185
           D:2 |       0 |      67 |   0.0 |       0 |      13 |   0.0 |  1070
           D:3 |       0 |      53 |   0.0 |       0 |      15 |   0.0 |  1058
           D:4 |       0 |      80 |   0.0 |       0 |       5 |   0.0 |   402
               +---------+---------+-------+---------+---------+-------+---------
